 Dungeon Crawl Stone Soup version 0.31.0-32-g396128a36d (webtiles) character file.

Game seed: 15907622888934600406

282 cdecastro the Grave Robber (level 6, -3/61 HPs)
             Began as a Human Necromancer on Mar 20, 2024.
             Was an Initiate of Ru.
             Slain by Blork the orc
             ... wielding a +3 halberd of protection
              (6 damage)
             ... on level 4 of the Dungeon.
             The game lasted 00:10:20 (3435 turns).

cdecastro the Grave Robber (Human Necromancer)      Turns: 3435, Time: 00:10:20

Health: -3/61      AC: 23    Str:  8    XL:     6   Next: 28%
Magic:  0/3        EV:  2    Int: 17    God:    Ru [......]
Gold:   151        SH:  0    Dex: 19    Spells: 5/9 levels left

rFire   + . .        D - +1 short sword (antimagic)
rCold   x . .        (no shield)
rNeg    . . .        a - melded +0 robe
rPois   +            C - melded +0 helmet
rElec   .            (cloak currently unavailable)
rCorr   .            (gloves currently unavailable)
SInv    .            (boots currently unavailable)
Will    .....        (no amulet)
Stlth   ++           s - ring of Impatience {Fire Dex+5}
HPRegen 0.30/turn    h - ring of wizardry
MPRegen 0.08/turn

%: wizardry (x1)
@: tree-form (expiring)
A: stationary, stasis, torment immunity, boosted hp, explore regen
a: Renounce Religion


You were on level 4 of the Dungeon.
You worshipped Ru.
Ru was noncommittal.
You were a tree.
You visited 2 branches of the dungeon, and saw 5 of its levels.

You collected 151 gold pieces.

Inventory:

Hand Weapons
 c - a +0 dagger
 g - a +0 falchion
 x - a +0 scimitar
 D - a +1 antimagic short sword (weapon)
Missiles
 i - 5 javelins
 z - 8 poisoned darts
Armour
 a - a +0 robe (melded)
 r - a +0 ring mail
 B - a +0 scale mail
 C - a +0 helmet (melded)
Jewellery
 h - a ring of wizardry (right branch)
 o - a ring of fire
 s - the ring of Impatience (left branch) {Fire Dex+5}
   (You found it on level 2 of the Dungeon)

   [ring of fire]

   Fire:      It enhances your fire magic.
   Dex+5:     It affects your dexterity (+5).
   rF+:       It protects you from fire.
   rC-:       It makes you vulnerable to cold.
Wands
 u - a wand of light (9)
 A - a wand of mindburst (10)
Scrolls
 d - a scroll of brand weapon {unknown}
 j - 4 scrolls of identify {unknown}
 l - a scroll of immolation {unknown}
 m - a scroll of vulnerability {unknown}
 n - 2 scrolls of teleportation {unknown}
 p - a scroll of silence {unknown}
 t - a scroll of enchant armour {unknown}
 v - a scroll of revelation {unknown}
 y - a scroll of blinking {unknown}
Potions
 b - 2 potions of magic
 e - 2 potions of might
 f - a potion of curing
 k - a potion of mutation {unknown}
 q - a potion of attraction {unknown}
 w - 2 potions of lignification


   Skills:
 * Level 4.5 Long Blades
 - Level 2.0 Dodging
 - Level 2.0 Stealth
 - Level 2.0 Spellcasting
 + Level 5.5 Necromancy


You had 5 spell levels left.
You knew the following spells:

 Your Spells              Type           Power      Damage    Failure   Level
a - Necrotise             Necr           80%        1d8       1%          1
b - Vampiric Draining     Necr           20%        2d7       2%          3

Your spell library contained the following spells:

 Spells                   Type           Power      Damage    Failure   Level
 Animate Dead             Necr           20%        N/A       8%          4
 Curse of Agony           Necr           20%        N/A       21%         5


Dungeon Overview and Level Annotations

Branches:
Dungeon (4/15)             Temple (1/1) D:4

Altars:
Cheibriados
Elyvilon
Qazlal
Ru
Sif Muna
Trog
Uskayaw
Vehumet
Wu Jian
Yredelemnul
Zin
The Shining One

Annotations:
D:4 Blork the orc


Innate Abilities, Weirdness & Mutations

You are a tree.
Your roots penetrate the ground, keeping you stationary.
You cannot be teleported.
You are immune to unholy pain and torment.
Your maximum health is greatly increased.
Your equipment is partially melded.
You regain HP and MP as you explore.


Message History

Blork the orc's magic leaks into the air.
Blork the orc is moderately wounded.
Blork the orc hits you with a +3 halberd of protection.
* * * LOW HITPOINT WARNING * * *
Blork the orc hits you with a +3 halberd of protection.
* * * LOW HITPOINT WARNING * * *
You hit Blork the orc.
Blork the orc's magic leaks into the air.
Blork the orc is moderately wounded.
Your transformation is almost over.
Blork the orc hits you but does no damage.
You closely miss Blork the orc.
Blork the orc is moderately wounded.
Blork the orc screams, "I'll cover the dungeon with your blood!"
Blork the orc hits you but does no damage.
Blork the orc screams, "I'll eat your brain!
And then I'll vomit it back up!"
Blork the orc hits you with a +3 halberd of protection!
* * * LOW HITPOINT WARNING * * *
Unknown command.
Casting: Necrotise (safe; 1% risk of failure)
Confirm with . or Enter, or press ? or * to list all spells.
Aiming: Vampiric Draining (dangerous; 2% risk of failure)
Press: ? - help, Shift-Dir - straight line, f - Blork the orc
Aim: Blork the orc, wielding a +3 halberd of protection and wearing a +0 robe (moderately wounded, fast, magic disrupted)
You draw life force from Blork the orc!
You feel life coursing into your body.
Blork the orc's magic is no longer disrupted.
Blork the orc hits you with a +3 halberd of protection!
* * * LOW HITPOINT WARNING * * *
Unknown command.
Unknown command.
You hit Blork the orc but do no damage.
Blork the orc is severely wounded.
Blork the orc hits you with a +3 halberd of protection.
* * * LOW HITPOINT WARNING * * *
You closely miss Blork the orc.
Blork the orc is severely wounded.
Blork the orc points at you and mumbles some strange words.
The puff of frost hits you but does no damage.
Blork the orc hits you with a +3 halberd of protection.
You die...

#)###..# .# #
#.##...# .## #
#....#.# #..## #
#.....###....# .. #
#..#...#...# ##.. #
.......#.....# ....
#
##..#####.>.#####..#
# ##... #.....#....#
#
##..#...#.♣.#..###..
# .....###o.....[...
# ##..# #.#.!###.#.
. ......#....##
###....#..........#
#.....)##.###.###
###.#..##......
...........## .. ..
####.......# ..###.


You could see Blork the orc (fast).

Vanquished Creatures
  2 orc priests
  A bombardier beetle (D:3)
  A sleepcap (D:3)
  Robin (D:3)
  4 gnolls
  3 adders
  A ribbon worm (D:2)
  2 dart slugs (D:2)
  3 orcs
  7 endoplasms
  5 giant cockroaches
  9 goblins
  11 hobgoblins
  3 jackals (D:2)
  4 quokkas
  2 ball pythons
  6 bats
  3 frilled lizards
  5 kobolds
  5 rats
78 creatures vanquished.

Vanquished Creatures (collateral kills)
  An orc (D:4)
  A ball python (D:2)
  A goblin (D:4)
3 creatures vanquished.

Grand Total: 81 creatures vanquished

Notes
Turn   | Place    | Note
-------+----------+-------------------------------------------
     0 | D:1      | cdecastro the Human Necromancer began the quest for the
                  | Orb.
     0 | D:1      | Reached XP level 1. HP: 13/13 MP: 3/3
   311 | D:1      | Reached XP level 2. HP: 19/19 MP: 1/5
   535 | D:1      | Reached skill level 1 in Long Blades
   912 | D:2      | HP: 1/28 [poisoned by an adder]
   920 | D:2      | Reached XP level 3. HP: 14/24 MP: 0/6
  1184 | D:2      | Learned a level 3 spell: Vampiric Draining
  1427 | D:2      | Reached XP level 4. HP: 26/30 MP: 1/7
  1496 | D:2      | Identified the ring of Impatience {Fire Dex+5}
  2307 | D:3      | Reached skill level 5 in Necromancy
  2613 | D:4      | Noticed Robin
  2672 | D:3      | Killed Robin
  2673 | D:3      | Reached XP level 5. HP: 28/35 MP: 1/8
  2803 | D:4      | Noticed Blork the orc
  3002 | D:3      | Reached XP level 6. HP: 38/41 MP: 4/9
  3184 | D:4      | Found a staircase to the Ecumenical Temple.
  3272 | Temple   | Entered the Ecumenical Temple
  3326 | Temple   | Became a worshipper of Ru the Awakened
  3434 | D:4      | HP: 3/61 [Blork the orc/+3 halberd of protection (1)]
  3435 | D:4      | Slain by Blork the orc

Illustrated notes

Levels and vault maps discovered:
D:1:      tarquinn_simple_flora_water_e, layout_basic, chequers_decorated_corner
D:2:      layout_basic, kennysheep_flooded_box, amethyst_killhole,
          minmay_hedge_maze
D:3:      layout_rooms, hellmonk_no_cap
D:4:      layout_loops_ring, amcnicky_altar_gilded,
          mainiacjoe_overflow_large_starburst, minmay_temple_entry_arrows,
          uniq_blork_the_orc, uniq_robin, uniq_pikel
Temple:   chequers_temple_sunken

Skill      XL: |  1  2  3  4  5 |
---------------+----------------+-----
Long Blades    | 1 2 3 4 |  4.5
Necromancy     | 5 |  5.5
Dodging        | |  2.0
Stealth        | |  2.0
Spellcasting   | |  2.0

Action                     |  1- 3 |  4- 6 || total
---------------------------+-------+-------++-------
  Melee: Dagger            |    49 |    58 ||   107
         Short sword       |       |    23 ||    23
   Cast: Necrotise         |    51 |    73 ||   124
         Vampiric Draining |       |     1 ||     1
    Use: Potion            |     3 |     1 ||     4
   Stab: Sleeping          |     4 |     2 ||     6
 Armour: Robe              |    28 |    59 ||    87
         Skin              |    11 |    28 ||    39
  Dodge: Dodged            |    37 |    75 ||   112
